 Dungeon Sprint DCSS version 0.21-a0-361-g4efd3f9 (webtiles) character file.

958 Kidiri the Fighter (level 7, -3/73 HPs)
             Began as a White Draconian Berserker on Oct 13, 2017.
             Was a High Priest of Trog.
             Killed from afar by a deep elf mage (10 damage)
             ... with a bolt of lightning
             ... in the Dungeon (Sprint VII: "The Pits").
             The game lasted 00:03:20 (638 turns).

Kidiri the Fighter (White Draconian Berserker)       Turns: 638, Time: 00:03:21

Health: -3/73      AC:  6    Str: 21    XL:     7   Next: 91%
Magic:  7/7        EV: 16    Int:  7    God:    Trog [*****.]
Gold:   0          SH:  0    Dex: 11    Spells: 6/6 levels left

rFire    . . .     SeeInvis .   a - +0 flail (protect)
rCold    + . .     Gourm    .   (no shield)
rNeg     . . .     Faith    .   (armour unavailable)
rPois    .         Spirit   .   (helmet restricted)
rElec    .         Reflect  .   (no cloak)
rCorr    .         Harm     .   (no gloves)
MR       .....     NoTele   +   (no boots)
Stlth    +.........             (no amulet)
HPRegen  0.22/turn              (no ring)
MPRegen  0.10/turn              (no ring)

@: berserk cooldown, slowed, very slow
A: breathe frost, unfitting armour, cold resistance 1, cold-blooded, AC +6
a: Breathe Frost, Berserk, Trog's Hand, Brothers in Arms, Burn Spellbooks,
Renounce Religion


You were in the Dungeon.
You worshipped Trog.
Trog was extremely pleased with you.
You were not hungry.

You visited 1 branch

Inventory:

Hand Weapons
 a - a +0 flail of protection (weapon)
Missiles
 p - 4 poisoned javelins (quivered)
 q - 2 javelins of penetration
Scrolls
 h - a scroll of blinking
 k - 3 scrolls of remove curse
 l - a scroll of summoning
Potions
 c - 7 potions of curing
 d - 6 potions of heal wounds
 e - a potion of haste
 f - 4 potions of magic
 g - 3 potions of berserk rage
 j - 2 potions of invisibility
Comestibles
 b - 8 bread rations
 i - 4 chunks of flesh
 m - 29 fruits
 n - 7 meat rations


   Skills:
 * Level 10.6 Fighting
 * Level 9.9 Maces & Flails
 + Level 5.8 Throwing
 * Level 9.0 Dodging


You had 6 spell levels left.
You didn't know any spells.

Dungeon Overview and Level Annotations

Branches:
Dungeon (1/1)

Altars:
Ashenzari
Cheibriados
Dithmenos
Elyvilon
Fedhas
Gozag
Hepliaklqana
Kikubaaqudgha
Makhleb
Nemelex Xobeh
Okawaru
Qazlal
Ru
Sif Muna
Trog
Uskayaw
Vehumet
Wu Jian
Xom
Yredelemnul
Zin
The Shining One
Beogh
Jiyva
Lugonu

Annotations:
D exclusions: 6 doors and 6 more exclusions


Innate Abilities, Weirdness & Mutations

You can breathe waves of freezing cold.
You can buffet flying creatures when you breathe cold.
Your icy white scales are hard. (AC +6)
You cannot fit into any form of body armour.
Your flesh is cold resistant. (rC+)
You are cold-blooded and may be slowed by cold attacks.


Message History

The deep elf mage casts a spell at you. The bolt of lightning misses you.
Unknown command.
Your ogre goes berserk!
You feel quite a bit more hungry.
Unknown command.
You closely miss the deep elf mage.
The deep elf mage is severely wounded.
Your ogre closely misses the deep elf mage.
The deep elf mage gestures at you while chanting.
The bolt of lightning hits you!
* * * LOW HITPOINT WARNING * * *
The deep elf mage hits you but does no damage.
Unknown command.
You barely miss the deep elf mage.
The deep elf mage is severely wounded.
Your ogre closely misses the deep elf mage. x2
The deep elf mage points at you and mumbles some strange words.
The bolt of lightning hits you!
You die...

#.#.....#+###...<...#
#)#........##.......#
#)#........##.......#
#'###########.......#
#.......#..##########
#...#...#.######
#...#...#.#....#
#.##.##.#+#e...#
#...#...#)@.O..+
#...#...#+#....#
#.......+)#..(.#
################


You could see a deep elf mage and a friendly ogre (berserk).

Vanquished Creatures
  An ice devil (D)
  A hungry ghost (D)
  A vampire mosquito (D)
  A warg (D)
  A floating eye (D)
  4 wights (D)
  An orc priest (D)
  Terence (D)
  2 gnolls (D)
  A bat (D)
  A giant cockroach (D)
  3 hobgoblins (D)
  2 jackals (D)
  2 ball pythons (D)
  2 kobolds (D)
24 creatures vanquished.

Notes
Turn   | Place    | Note
-------+----------+-------------------------------------------
     0 | D        | Kidiri the Draconian Berserker began the quest for the Orb.
     0 | D        | Reached XP level 1. HP: 19/19 MP: 1/1
    59 | D        | Found a bloodstained altar of Trog.
    59 | D        | Found a deep blue altar of Sif Muna.
    59 | D        | Found a viscous altar of Jiyva.
    59 | D        | Found a hazy altar of Hepliaklqana.
    59 | D        | Found an opulent altar of Gozag.
    60 | D        | Found a glowing golden altar of the Shining One.
    60 | D        | Found a glowing silver altar of Zin.
    60 | D        | Found a basalt altar of Yredelemnul.
    60 | D        | Found a shimmering altar of Xom.
    60 | D        | Found an ornate altar of the Wu Jian Council.
    60 | D        | Found a sacrificial altar of Ru.
    60 | D        | Found a stormy altar of Qazlal.
    60 | D        | Found an iron altar of Okawaru.
    60 | D        | Found a sparkling altar of Nemelex Xobeh.
    60 | D        | Found a burning altar of Makhleb.
    60 | D        | Found a blossoming altar of Fedhas.
    60 | D        | Found a white marble altar of Elyvilon.
    60 | D        | Found a shadowy altar of Dithmenos.
    60 | D        | Found a snail-covered altar of Cheibriados.
    62 | D        | Found a radiant altar of Vehumet.
    62 | D        | Found a corrupted altar of Lugonu.
    62 | D        | Found a roughly hewn altar of Beogh.
    63 | D        | Found a hide-covered altar of Uskayaw.
    63 | D        | Found an ancient bone altar of Kikubaaqudgha.
    63 | D        | Found a shattered altar of Ashenzari.
    75 | D        | Noticed a floating eye
    81 | D        | Killed a floating eye
    81 | D        | Reached ** piety under Trog
    81 | D        | Reached skill level 6 in Fighting
    81 | D        | Reached skill level 5 in Maces & Flails
    81 | D        | Reached skill level 5 in Dodging
    81 | D        | Reached XP level 2. HP: 30/30 MP: 2/2
    81 | D        | Reached XP level 3. HP: 37/37 MP: 3/3
    81 | D        | Reached XP level 4. HP: 44/44 MP: 4/4
   213 | D        | Reached *** piety under Trog
   217 | D        | Noticed a hungry ghost
   226 | D        | Killed a hungry ghost
   226 | D        | Reached skill level 7 in Fighting
   226 | D        | Reached XP level 5. HP: 53/53 MP: 5/5
   343 | D        | Noticed a warg
   352 | D        | Killed a warg
   352 | D        | Reached skill level 8 in Fighting
   352 | D        | Reached XP level 6. HP: 62/62 MP: 6/6
   356 | D        | Reached **** piety under Trog
   358 | D        | Received a gift from Trog
   389 | D        | Noticed Terence
   399 | D        | Killed Terence
   401 | D        | Received a gift from Trog
   445 | D        | Reached skill level 9 in Fighting
   453 | D        | Noticed a vampire mosquito
   459 | D        | Killed a vampire mosquito
   459 | D        | Received a gift from Trog
   459 | D        | Reached skill level 5 in Throwing
   459 | D        | Your scales start taking on an icy white colour.
   459 | D        | Reached XP level 7. HP: 70/70 MP: 7/7
   459 | D        | Gained mutation: Your flesh is cold resistant. (rC+) [White Draconian growth]
   517 | D        | Reached ***** piety under Trog
   527 | D        | Received a gift from Trog
   527 | D        | Reached skill level 10 in Fighting
   603 | D        | Noticed a deep elf mage
   603 | D        | Noticed an ice devil
   624 | D        | Killed an ice devil
   624 | D        | Received a gift from Trog
   638 | D        | Killed from afar by a deep elf mage

Vault maps used:
D:        pitsprint

Skill      XL: |  1  2  3  4  5  6  7 |
---------------+----------------------+-----
Dodging        | 5 6 7 9 |  9.0
Fighting       | 6 7 8 9 10 | 10.6
Maces & Flails | 5 7 8 9 |  9.9
Throwing       | 2 3 4 5 |  5.8

Action                   |  1- 3 |  4- 6 |  7- 9 || total
-------------------------+-------+-------+-------++-------
Melee: Mace              |     5 |    18 |       ||    23
       Tailslap          |       |     8 |     5 ||    13
       Flail             |       |    18 |    41 ||    59
Throw: Javelin           |       |     2 |     1 ||     3
Invok: Berserk           |       |     4 |     2 ||     6
       Brothers in Arms  |       |       |     1 ||     1
  Eat: Fruit             |       |    11 |       ||    11
       Chunk             |       |     1 |       ||     1
Armor: Skin              |       |     7 |     5 ||    12
Dodge: Dodged            |     1 |    27 |    15 ||    43

Table legend:
 A = Spawn XP
 B = Non-spawn XP
 C = Spawn XP percentage of total XP
 D = Spawn monster count
 E = Non-spawn monster count
 F = Spawn count percentage of total count
 G = Total turns spent on level
                    A         B        C        D         E        F      G
               +---------+---------+-------+---------+---------+-------+---------
         Total |       0 |    1369 |   0.0 |       0 |      24 |   0.0 |   638
               +---------+---------+-------+---------+---------+-------+---------
             D |       0 |    1369 |   0.0 |       0 |      24 |   0.0 |   638
               +---------+---------+-------+---------+---------+-------+---------
